Cogmind - Beta 12 @@@ ROGUE MODE // 2023.03.23 @ 18:32:35 Player: Exp. Geonium Core Result: Core destroyed Performance ------------- Evolutions (9) 4500 Regions Visited (26) 5200 Robots Destroyed (473) 2365 Value Destroyed (24268) 24268 Prototype IDs (45) 900 Alien Tech Used (7) 1400 Bonus (14458) 14458 TOTAL SCORE: 53091 Bonus ------- Triggered High Security 1500 High Alert Combat Kills 10480 Follower Combat Kills 2684 Met Data Miner 300 A7 Reached Mainframe 300 Met R17 at Cetus 500 Scanned by Researcher 500 Friendly Fire -1806 Cogmind --------- Core Integrity 0/1600 Matter 267/300 Energy 62/100 System Corruption 5% Temperature Cool (0) Movement Treading (166) Location -1/Access Parts ------- > --- POWER (4) -------- (None) > --- PROPULSION (8) --- Treaded Siege-Biometal Exoskeleton > --- UTILITY (8) ------ Armored Scrap Engine High-capacity Storage Unit Advanced Signal Interpreter Graphene Brace Spacefold Activator Microwarp Drive > --- WEAPON (5) ------- Hpw. Energy Force Construct/G Hvy. Energy Hardcell Construct/C > --- INVENTORY (20) --- 2N-1CE's Frost Array Experimental Energy Well (600) Experimental Energy Well (600) Advanced Particle Charger Launcher Loader Quantum Capacitor Advanced Weapon Cycler Experimental ECM Suite Advanced EM Disruption Field Advanced Force Field Point Defense Array Advanced Hacking Suite Core Cannon Peak State ------------ > --- POWER ------------ Multi-Quantum Reactor > --- PROPULSION ------- Treaded Siege-Biometal Exoskeleton > --- UTILITY ---------- Armored Scrap Engine 2N-1CE's Frost Array High-capacity Storage Unit Advanced Targeting Computer Experimental Targeting Computer Microwarp Drive > --- WEAPON ----------- Hvy. Energy Hardcell Construct/C Core Stripper > --- INVENTORY -------- Experimental Energy Well Experimental Energy Well Advanced Particle Charger Launcher Loader Advanced Weapon Cycler Experimental ECM Suite Graphene Brace Advanced EM Disruption Field Point Defense Array Advanced Dynamic Insulation System Improved System Guard Spacefold Activator Core Cannon Fusion Bomb Launcher [Rating: 217] Favorites ----------- Power Constructs Engine Cooled Ion Engine Power Core Light Nuclear Core Reactor Constructs Propulsion Constructs Treads Constructs Leg Aluminum Leg Hover Unit Linear Gravjet Flight Unit Cooled VTOL Module Utility High-capacity Storage Unit Device Armored Scrap Engine Storage High-capacity Storage Unit Processor Experimental Targeting Computer Hackware Hacking Suite Protection Light Regenerative Plating Artifact Microwarp Drive Weapon Constructs Energy Gun Constructs Energy Cannon Constructs Ballistic Gun Assault Rifle Launcher Mini Grenade Launcher Impact Weapon Core Stripper Slashing Weapon Centrium Greatsword Build | -11 -10 -10 -9 -9 -9 -7 -7 -7 -7 -6 -6 -6 -6 -5 -5 -5 -5 -5 -4 -4 -3 -3 -2 -2 -2 -1 ------- Run | Jun Mat Min Mat Sto Rec Fac Low Low Dat Pro Fac Was Fac Fac Ext Cet Arc Hub Fac Arm Res Tes Res Qua Sec Acc Slots Evolved 18 | . . . 2 . . 4 . . . . 2 . . 2 . . . . 2 . 2 . 2 . . 2 Power 3 | . . . . . . . . . . . . . . 1 . . . . . . . . 1 . . 1 Propulsion 6 | . . . 1 . . 2 . . . . 1 . . . . . . . 1 . . . . . . 1 Utility 6 | . . . 1 . . 1 . . . . 1 . . 1 . . . . 1 . . . 1 . . . Weapon 3 | . . . . . . 1 . . . . . . . . . . . . . . 2 . . . . . Parts Attached 180 | . 6 1 4 17 3 13 2 . . 3 5 1 8 9 3 1 . 10 23 5 8 19 2 9 13 15 Power 5 | . . . 1 1 1 1 . . . 1 . . . . . . . . . . . . . . . . Engine 4 | . . . 1 1 1 1 . . . . . . . . . . . . . . . . . . . . Core 1 | . . . . . . . . . . 1 . . . . . . . . . . . . . . . . Reactor . | . . . . . . . . . . . . . . . . . . . . . . . . . . . Propulsion 20 | . 2 . 1 10 . 1 . . . . . . 3 2 . . . . . 1 . . . . . . Treads 16 | . 2 . 1 10 . . . . . . . . 1 1 . . . . . 1 . . . . . . Leg 2 | . . . . . . . . . . . . . 2 . . . . . . . . . . . . . Wheel . | . . . . . . . . . . . . . . . . . . . . . . . . . . . Hover 1 | . . . . . . . . . . . . . . 1 . . . . . . . . . . . . Flight 1 | . . . . . . 1 . . . . . . . . . . . . . . . . . . . . Utility 99 | . . 1 . 1 1 . 1 . . . 4 . 4 6 2 1 . 8 23 4 3 12 2 3 10 13 Device 54 | . . . . . 1 . 1 . . . 1 . . 4 . 1 . 5 14 3 . 7 2 2 4 9 Storage 3 | . . . . 1 . . . . . . . . 1 . . . . . . . . . . 1 . . Processor 13 | . . 1 . . . . . . . . 2 . 1 . . . . . 3 . 2 1 . . 1 2 Hackware 7 | . . . . . . . . . . . 1 . . 2 . . . . 2 . . 2 . . . . Protection 15 | . . . . . . . . . . . . . 2 . 2 . . 3 4 1 1 2 . . . . Artifact 7 | . . . . . . . . . . . . . . . . . . . . . . . . . 5 2 Weapon 56 | . 4 . 2 5 1 11 1 . . 2 1 1 1 1 1 . . 2 . . 5 7 . 6 3 2 Energy Gun 3 | . 2 . 1 . . . . . . . . . . . . . . . . . . . . . . . Energy Cannon 5 | . . . . 2 . . . . . . 1 . . . . . . . . . . . . 1 . 1 Ballistic Gun 3 | . . . 1 1 . . . . . . . . . . . . . . . . 1 . . . . . Ballistic Cannon . | . . . . . . . . . . . . . . . . . . . . . . . . . . . Launcher 26 | . 2 . . 2 . 9 1 . . 1 . 1 1 1 . . . 2 . . 1 3 . 1 . 1 Special Weapon . | . . . . . . . . . . . . . . . . . . . . . . . . . . . Impact Weapon 4 | . . . . . 1 . . . . . . . . . . . . . . . . . . 1 2 . Slashing Weapon 15 | . . . . . . 2 . . . 1 . . . . 1 . . . . . 3 4 . 3 1 . Piercing Weapon . | . . . . . . . . . . . . . . . . . . . . . . . . . . . Special Melee Weapon . | . . . . . . . . . . . . . . . . . . . . . . . . . . . Unidentified Prototypes 23 | . . . . 2 . 1 . . . . 1 . . . . . . 1 3 . . 3 1 4 6 1 Corrupted Parts 3 | . . . . . . . . . . 1 . . . . . . . . 1 . . . . . 1 . System Corruption 15 | . . . . . . . . . . 4 . . . . . . . . 5 . . . . . 6 . Parts Lost 49 | . 2 . 1 5 . 6 . . . 3 4 2 2 3 . 1 . . 4 1 2 3 . 1 2 7 Power 7 | . . . . . . 1 . . . 1 . . 1 . . . . . 1 . . . . . . 3 Propulsion 8 | . 1 . . 3 . 1 . . . 2 1 . . . . . . . . . . . . . . . Utility 19 | . . . . . . . . . . . 2 1 1 3 . 1 . . 3 1 2 1 . 1 1 2 Weapon 15 | . 1 . 1 2 . 4 . . . . 1 1 . . . . . . . . . 2 . . 1 2 Highest Loss Streak 4 | . 1 . 1 4 . 2 . . . 3 2 2 2 1 . 1 . . 1 1 1 2 . 1 1 2 To Critical Strikes . | . . . . . . . . . . . . . . . . . . . . . . . . . . . Average Slot Usage (%) 50 | . 80 88 88 90 65 39 53 61 61 47 43 45 43 47 48 47 47 47 43 46 42 46 40 46 43 42 Engine 3 | . 14 14 11 10 11 6 7 4 . . 2 6 5 1 3 5 3 . . . . . . . . . Reactor 1 | . . . . . . . . . . . 1 . . 2 . . 1 5 2 5 4 4 4 4 4 3 Treads 5 | . 9 28 33 32 18 1 . . . 4 1 . 3 4 4 . . . 3 1 2 . . . 1 3 Leg 1 | . 17 . . . . 1 . . . . . 3 2 . . 5 5 5 1 3 1 4 4 4 3 . Flight 1 | . . . . . 1 4 15 15 15 3 . . . . . . . . . . . . . . . . Device 9 | . . . . . 11 7 13 15 15 15 9 11 6 7 5 9 11 16 10 11 11 8 12 16 10 9 Storage 6 | . 14 14 11 21 11 7 7 7 7 7 6 6 5 5 5 5 5 5 5 5 4 4 4 4 4 4 Processor 3 | . . 3 11 11 . . . . . . 2 4 . 2 . . . . 2 8 5 12 8 8 8 11 Protection 2 | . . . . . . . . . . . . . 5 5 8 11 11 5 7 4 3 1 . . . . Energy Cannon 4 | . . . . 14 7 5 2 1 7 . 1 6 6 5 3 . . 4 3 5 1 2 3 1 4 4 Ballistic Cannon 1 | . . . . . . . 2 6 7 7 4 . . . 1 5 5 . 1 . 2 1 . 2 . . Launcher 1 | . 6 14 4 . . 1 . 5 . 5 . 2 . 2 . . . . . . . . . 1 . 2 Naked Turns . | . . . . . . . . . . . . . . . . . . . . . . . . . . . Heaviest Build 161 | 14 15 15 15 58 57 61 58 65 63 63 66 67 86 108 96 89 89 97 108 119 124 108 125 128 152 161 Greatest Support 407 | 20 40 40 60 60 60 89 68 68 68 68 81 81 89 136 163 142 142 142 242 304 201 201 202 222 326 407 Greatest Overweight (x) 5 | . . . . 1 5 1 . . . 1 1 . 1 1 . . . . . . . . . . . . Average Overweight (x) . | . . . . . . . . . . . . . . . . . . . . . . . . . . . Largest Inventory Capacity 20 | . 8 8 8 20 20 20 20 20 20 20 20 20 20 20 20 20 20 20 20 20 20 20 20 20 20 20 Average Capacity 19 | . 8 8 8 19 20 20 20 20 20 20 20 20 19 20 20 20 20 20 20 20 20 20 20 20 20 20 Most Carried 20 | . 8 8 8 20 20 12 9 12 10 11 20 20 19 20 14 15 15 19 20 19 19 20 19 19 20 20 Average Carried 14 | . 7 8 7 18 7 7 7 9 10 8 14 19 14 15 13 14 15 16 19 17 16 17 17 17 17 18 Final Capacity 20 | 8 8 8 8 20 20 20 20 20 20 20 20 20 20 20 20 20 20 20 20 20 20 20 20 20 20 20 Final Carried 20 | 6 8 8 8 19 6 6 7 10 10 8 20 19 13 13 14 15 15 16 19 18 17 17 17 18 18 16 Scrap Engine Consumption 421 | . . . . . 34 39 13 8 . 6 39 4 16 39 18 14 11 7 37 24 23 16 16 11 37 9 Constructs Created 15 | . . . . . 2 4 . 1 . . 1 . 2 . . 1 . . . . . 1 . . 1 2 Constructs Modified 176 | . . . . . 10 11 3 3 . 2 17 1 10 17 9 3 2 7 18 13 10 9 9 5 11 6 Class Distribution -------------------- 80% | Construct 12% | Mutant 4% | Generator-Construct Dominant Class ---------------- Mutant | -10/Materials Mutant | -10/Mines Mutant | -9/Materials Mutant | -9/Storage Construct | -9/Recycling Construct | -7/Factory Construct | -7/Lower Caves Construct | -7/Lower Caves Construct | -7/Data Miner Construct | -6/Proximity Caves Construct | -6/Factory Construct | -6/Waste Construct | -6/Factory Construct | -5/Factory Construct | -5/Extension Construct | -5/Cetus Construct | -5/Archives Construct | -5/Hub_04(d) Construct | -4/Factory Construct | -4/Armory Construct | -3/Research Construct | -3/Testing Construct | -2/Research Construct | -2/Quarantine Construct | -2/Section 7 Generator-Construct | -1/Access Resources | -11 -10 -10 -9 -9 -9 -7 -7 -7 -7 -6 -6 -6 -6 -5 -5 -5 -5 -5 -4 -4 -3 -3 -2 -2 -2 -1 ----------- Run | Jun Mat Min Mat Sto Rec Fac Low Low Dat Pro Fac Was Fac Fac Ext Cet Arc Hub Fac Arm Res Tes Res Qua Sec Acc Matter Collected 5665 | 200 157 47 84 210 221 288 127 178 . 263 473 . 221 255 57 31 18 160 195 71 97 769 266 322 505 450 Remotely . | . . . . . . . . . . . . . . . . . . . . . . . . . . . Salvage Created 25452 | . 382 36 126 715 558 1040 108 36 . 218 1537 289 1027 1762 344 247 368 547 3236 1641 1523 2724 1890 847 2413 1838 Parts 1088 | . 28 9 11 40 20 49 8 4 . 10 57 . 33 81 14 7 15 27 112 76 69 102 71 35 102 108 Haulers Intercepted 13 | . 1 . . 2 . . . . . . 2 . . 1 . . . 1 4 . 1 . . . . 1 Recyclers Shooed 16 | . . . . 1 5 1 . . . . 5 . 2 1 . . . . 1 . . . . . . . Parts Field Recycled . | . . . . . . . . . . . . . . . . . . . . . . . . . . . Retrieved Matter . | . . . . . . . . . . . . . . . . . . . . . . . . . . . Parts Self-Destructed 14 | . . . . . . . 4 1 . 9 . . . . . . . . . . . . . . . . Prevented . | . . . . . . . . . . . . . . . . . . . . . . . . . . . Kills | -11 -10 -10 -9 -9 -9 -7 -7 -7 -7 -6 -6 -6 -6 -5 -5 -5 -5 -5 -4 -4 -3 -3 -2 -2 -2 -1 ------- Run | Jun Mat Min Mat Sto Rec Fac Low Low Dat Pro Fac Was Fac Fac Ext Cet Arc Hub Fac Arm Res Tes Res Qua Sec Acc Combat Hostiles Destroyed 383 | . 12 5 3 16 2 28 4 4 . 8 23 1 15 29 5 1 4 8 42 25 20 36 20 17 30 25 Melee 11 | . . . . . . 1 . . . . . . . . 3 . . . 3 . . 1 . 2 1 . Guns 2 | . 1 . 1 . . . . . . . . . . . . . . . . . . . . . . . Cannons 239 | . . . . 13 1 4 1 1 . 1 19 . 9 18 2 1 4 6 29 24 15 27 18 7 20 19 AOE 94 | . 11 5 2 3 . 20 3 3 . 7 2 1 2 6 . . . 2 . . 5 7 . 8 1 6 Classes Destroyed 26 | . 4 1 2 2 1 2 . . . 2 1 1 . 2 . . . . 2 1 . 4 . . 1 . Worker 12 | . 1 . . 1 . 3 . . . . 1 . . 1 . . . 3 . . 1 . . . . 1 Builder 15 | . 2 . 1 . 2 2 . . . . . . . 2 . . . 1 . . . 2 . 2 . 1 Tunneler 2 | . . . . . . . . . . . . . . 1 . . . 1 . . . . . . . . Hauler 13 | . 1 . . 2 . . . . . . 2 . . 1 . . . 1 4 . 1 . . . . 1 Recycler 10 | . . . . . 5 . . . . . . . 2 . . . . . 1 . 2 . . . . . Mechanic 4 | . . . . . . . . . . . . . . . . . . . . . . 2 . 2 . . Operator 11 | . . . 2 . . . . . . . 1 . . 2 1 . . . 2 . 1 . . . 1 1 Drone 2 | . . . . . . . . . . 1 . . . . . . . . . 1 . . . . . . Watcher 14 | . . . . . . . . . . . 1 . . 1 . . . 1 3 1 . . . 1 2 4 Swarmer 81 | . . 5 . . . 3 4 4 . 7 1 . 3 5 . . . . 10 4 5 1 . 10 10 9 Saboteur 3 | . . . . . . . . . . . . . . . . . . . 1 1 . . . . 1 . Grunt 155 | . 12 . 2 9 . 17 . . . . 14 . 8 9 3 . . 4 13 7 8 22 14 . 6 7 Brawler 17 | . . . . 1 . 1 . . . . 2 . 1 4 . . . . . . . 3 1 3 1 . Duelist 7 | . . . . 1 . . . . . . . . 1 . . . . . . 1 1 . 1 1 1 . Protector 1 | . . . . . . . . . . . . . . . . . . . . . . 1 . . . . Researcher 4 | . . . . . . . . . . . . . . . . . . . . . . 2 . 1 1 . Sentry 40 | . . . 1 5 2 4 . . . . . . 2 4 1 . 4 1 6 4 1 . 1 . 3 1 Specialist 6 | . . . . . . . . . . . . . . . . . . . . 3 . 3 . . . . Hunter 34 | . . . . . . 1 . . . . 4 . . 4 . . . 1 5 2 4 2 . 3 4 4 Programmer 25 | . . . . . . 2 . . . . 2 . . 2 1 . . 1 5 3 . 3 2 . . 4 Heavy 1 | . . . . . . . . . . . . . . . . . . . 1 . . . . . . . Q-Series 1 | . . . . . . . . . . . . . . . . . . . . . . . . . 1 . Behemoth 6 | . . . . . . . . . . . . . . 1 . . . 1 1 . 1 . 1 . 1 . Compactor 1 | . . . . . . . . . . . . 1 . . . . . . . . . . . . . . Cetus Guard 1 | . . . . . . . . . . . . . . . . 1 . . . . . . . . . . S7 Guard 2 | . . . . . . . . . . . . . . . . . . . . . . . . . 2 . Enhanced Grunt 1 | . . . . . . . . . . 1 . . . . . . . . . . . . . . . . Alpha 7 1 | . . . . . . . . . . . . . . . . . . . . . . 1 . . . . Samaritan 1 | . . . . . . . . . . 1 . . . . . . . . . . . . . . . . Thug 2 | . . . . . . . . . . . . . . . . 2 . . . . . . . . . . Savage 1 | . . . . . . . 1 . . . . . . . . . . . . . . . . . . . Guerrilla 1 | . . . . . . . . . . . . . . . . 1 . . . . . . . . . . Best Kill Streak 17 | . 11 5 5 6 3 11 4 4 . 4 4 1 4 6 2 1 1 11 6 8 8 17 8 7 15 16 Combat Bots Only 15 | . 9 5 2 4 1 9 4 4 . 4 4 1 4 5 2 1 1 5 5 8 8 12 8 5 15 13 Max Kills in Single Turn 4 | . 2 3 2 3 1 4 1 2 . 3 3 1 2 2 1 2 1 2 1 1 3 3 2 4 1 3 Gunslinging . | . . . . . . . . . . . . . . . . . . . . . . . . . . . Exploded 4 | . 2 3 1 2 . 3 1 2 . 3 2 1 2 2 . . . 1 . . 3 3 . 4 1 3 Melee 1 | . . . . . . 1 . . . . . . . . 1 . . . 1 . . 1 . 1 1 . Uniques/NPCs Destroyed . | . . . . . . . . . . . . . . . . . . . . . . . . . . . Combat | -11 -10 -10 -9 -9 -9 -7 -7 -7 -7 -6 -6 -6 -6 -5 -5 -5 -5 -5 -4 -4 -3 -3 -2 -2 -2 -1 -------- Run | Jun Mat Min Mat Sto Rec Fac Low Low Dat Pro Fac Was Fac Fac Ext Cet Arc Hub Fac Arm Res Tes Res Qua Sec Acc Damage Taken 35850 | . 642 46 187 890 291 2293 107 52 . 237 1790 129 746 1769 1568 546 557 1036 3952 4076 2720 3409 844 622 1613 5728 Core 4331 | . 164 20 31 49 56 333 13 . . 26 293 12 62 183 133 94 50 81 302 217 79 183 69 . 254 1627 Absorbed by Shields 2044 | . . . . . . . . . . . . . . 254 161 82 . 378 77 504 288 . . 141 159 . Redirected to Shielding 108 | . . . . . . . . . . . . . 108 . . . . . . . . . . . . . Regen/Repaired (Parts) 18680 | . . . . . 79 664 40 35 . 152 714 54 485 1016 1134 512 149 603 3102 1787 2133 1401 1151 915 1442 1112 Core Remaining (%) 61 | 100 . 26 . . 66 . . . . 46 . . 56 . . . . 45 . 54 . 79 . . 84 . Volleys Fired 1149 | . 18 3 9 61 30 63 9 5 . 23 117 6 44 83 18 18 18 63 111 87 60 82 42 37 63 79 Largest 2 | . 2 1 2 1 1 2 1 1 . 2 1 2 1 1 1 1 1 1 1 1 1 1 1 1 1 2 Hottest 372 | . 70 30 100 68 131 155 67 67 . 115 48 68 65 180 250 143 143 117 138 138 138 169 169 372 278 367 Shots Fired 1178 | . 24 3 12 63 30 66 9 5 . 31 117 12 43 83 18 18 18 63 110 87 60 82 42 37 63 82 Gun 22 | . 10 . 6 . 3 . . . . . . . . . . . . . . . . . . . . 3 Cannon 1034 | . . . . 55 27 37 5 3 . 16 117 6 42 78 18 18 18 58 110 87 57 77 42 28 63 72 Launcher 122 | . 14 3 6 8 . 29 4 2 . 15 . 6 1 5 . . . 5 . . 3 5 . 9 . 7 Special . | . . . . . . . . . . . . . . . . . . . . . . . . . . . Kinetic 288 | . 6 . . . 4 6 . . . 8 91 . . . 3 18 18 37 17 . 39 16 . 25 . . Thermal 513 | . 1 . 6 55 7 . . . . . . 6 22 44 15 . . 21 32 79 18 61 42 3 26 75 Explosive 122 | . 14 3 6 8 . 29 4 2 . 15 . 6 1 5 . . . 5 . . 3 5 . 9 . 7 Electromagnetic 255 | . 3 . . . 19 31 5 3 . 8 26 . 20 34 . . . . 61 8 . . . . 37 . Robot Hit Streak 27 | . 6 7 8 10 10 14 7 11 . 6 7 7 11 8 5 3 6 13 13 8 11 13 15 12 27 12 Robot Miss Streak 4 | . 3 1 1 3 3 4 2 1 . 1 4 3 2 3 1 2 2 2 4 4 4 3 1 4 2 3 Penetration Max 1 | . . . . . . . . . . . . . . . 1 1 . . . . . 1 1 . . . Secondary Targets 1 | . 1 . . . . . . . . . . . . . . . . . . . . . . . . . Max Gunslinging Chain 1 | . 1 . . . . . . . . . . . . . . . . . . . . . . . . . Shots Hit Robots 796 | . 12 2 9 43 29 45 5 5 . 14 73 9 32 53 30 6 13 34 76 42 39 70 32 22 55 46 Core Hits 575 | . 24 4 9 25 21 81 17 5 . 15 31 6 15 44 9 9 7 23 38 19 24 41 13 33 24 38 Critical Kills 4 | . . . . . . . . . . . . . . 1 . . . . . . . 1 2 . . . Critical Parts Destroyed 1 | . . . . . . . . . . . . . . . . . . 1 . . . . . . . . Critical Strikes 13 | . . . 1 . . . . . . 1 . . . 1 3 . . 2 . . . 2 2 . 1 . Burn 1 | . . . 1 . . . . . . . . . . . . . . . . . . . . . . . Meltdown 4 | . . . . . . . . . . . . . . 1 . . . . . . . 1 2 . . . Destroy 2 | . . . . . . . . . . . . . . . . . . 2 . . . . . . . . Blast 1 | . . . . . . . . . . . . . . . . . . . . . . 1 . . . . Sever 5 | . . . . . . . . . . 1 . . . . 3 . . . . . . . . . 1 . Melee Attacks 44 | . . . . . . 1 . . . 2 . . . . 19 . . . . . . 11 . 4 7 . Impact . | . . . . . . . . . . . . . . . . . . . . . . . . . . . Slashing 44 | . . . . . . 1 . . . 2 . . . . 19 . . . . . . 11 . 4 7 . Piercing . | . . . . . . . . . . . . . . . . . . . . . . . . . . . Sneak Attacks 6 | . . . . . . . . . . 2 . . . . 1 . . . . . . 3 . . . . Combat Hostiles . | . . . . . . . . . . . . . . . . . . . . . . . . . . . Follow-up Attacks . | . . . . . . . . . . . . . . . . . . . . . . . . . . . Damage Inflicted 83321 | . 1188 227 339 1232 584 3060 359 422 . 969 3490 1201 2073 5157 1825 1048 1051 3405 9018 6686 5508 9927 5969 4982 6166 7435 Guns 233 | . 68 . 77 . 17 . . . . . . . . . . . . . . . . . . . . 71 Cannons 65050 | . . . . 784 566 875 91 51 . 367 3218 185 1768 3730 1109 750 1051 2477 8970 6664 4598 7937 5969 2219 5753 5918 Explosions 15867 | . 1105 216 262 428 . 2125 268 371 . 478 272 1016 246 1371 . 298 . 928 . . 896 1339 . 2628 210 1410 Melee 1888 | . . . . . . 59 . . . 124 . . . . 716 . . . . . . 651 . 135 203 . Ramming 283 | . 15 11 . 20 1 1 . . . . . . 59 56 . . . . 48 22 14 . . . . 36 Kinetic 13838 | . 28 . . . 25 88 . . . 184 2189 . . . 283 750 1051 1763 1020 . 3144 1258 . 2055 . . Thermal 38373 | . 100 . 77 784 119 4 . . . . 272 185 839 2301 826 298 . 714 2487 5836 1454 6679 5969 446 2994 5989 Explosive 14618 | . 1017 216 262 428 . 2121 268 371 . 478 . 1016 143 1169 . . . 928 . . 896 1339 . 2346 210 1410 Electromagnetic 14321 | . 28 . . . 439 787 91 51 . 183 1029 . 1032 1631 . . . . 5463 828 . . . . 2759 . Impact . | . . . . . . . . . . . . . . . . . . . . . . . . . . . Slashing 1888 | . . . . . . 59 . . . 124 . . . . 716 . . . . . . 651 . 135 203 . Piercing . | . . . . . . . . . . . . . . . . . . . . . . . . . . . Highest Corruption 10 | . . . . 4 4 4 4 4 4 8 3 8 10 1 . . . 2 5 3 1 4 . . 9 5 Average Corruption 3 | . . . . 4 4 2 4 4 4 4 1 7 8 1 . . . 1 2 2 1 3 . . 3 2 Corruption Purged 10 | . . . . . . . . . . . . . . 2 . . . . 8 . . . . . . . Corruption Blocked . | . . . . . . . . . . . . . . . . . . . . . . . . . . . Effects 158 | . . . . 17 21 4 7 11 2 31 8 3 23 . . . . 2 3 2 . 13 . . 5 6 Message Errors 38 | . . . . 5 1 1 1 1 . 11 3 1 6 . . . . . . . . 3 . . 1 4 Matter Fused 40 | . . . . 1 11 1 2 3 2 7 1 1 7 . . . . . . 1 . 2 . . . 1 Heat Flow Errors 21 | . . . . 3 3 2 . 2 . 3 1 . 2 . . . . . 1 . . 4 . . . . Energy Discharges 19 | . . . . 1 1 . 1 4 . 2 1 . 3 . . . . . 1 1 . 2 . . 2 . Parts Rejected 3 | . . . . 1 . . . . . . . . . . . . . . . . . 1 . . 1 . Parts Fused 2 | . . . . 1 . . . . . 1 . . . . . . . . . . . . . . . . Data Loss (minor) 20 | . . . . 3 3 . 1 1 . 4 2 1 1 . . . . 1 . . . 1 . . 1 1 Data Loss (major) 6 | . . . . . . . . . . 2 . . 3 . . . . 1 . . . . . . . . Misfires 2 | . . . . 2 . . . . . . . . . . . . . . . . . . . . . . Alerts 5 | . . . . . 2 . 2 . . 1 . . . . . . . . . . . . . . . . Weapon Failures 2 | . . . . . . . . . . . . . 1 . . . . . 1 . . . . . . . Overload Shots . | . . . . . . . . . . . . . . . . . . . . . . . . . . . Overflow Damage 9145 | . 29 18 . 9 . 49 . 3 . 44 199 19 90 323 107 . . 266 1139 1450 298 1656 1432 328 913 773 Projectiles 8336 | . . . . . . . . . . 8 186 . 90 280 83 . . 266 1139 1450 291 1329 1432 180 879 723 Explosions 461 | . 29 18 . 9 . 49 . 3 . 36 13 19 . 43 . . . . . . 7 29 . 148 8 50 Melee 348 | . . . . . . . . . . . . . . . 24 . . . . . . 298 . . 26 . Knockbacks 53 | . . . . . . 3 . . . . 23 . . . 2 2 . 3 3 . 7 8 . 1 . 1 Impact 2 | . . . . . . . . . . . . . . . . . . . 1 . . . . . . 1 Kinetic 47 | . . . . . . 3 . . . . 22 . . . 2 1 . 3 2 . 7 6 . 1 . . Secondary 4 | . . . . . . . . . . . 1 . . . . 1 . . . . . 2 . . . . Self-Inflicted Damage 1017 | . 31 15 78 124 . 75 . . . 23 52 80 55 194 . 60 . 35 . . 81 43 . 66 . 5 Shots 36 | . 2 1 3 4 . 3 . . . 1 1 4 1 5 . 1 . 2 . . 3 1 . 2 . 2 Rammed 25 | . 1 2 . 6 1 . . . . . . . 2 5 . . . . 6 . 1 . . . . 1 Targets Rammed 33 | . 2 2 . 6 1 1 . . . . . . 2 5 . . . . 7 4 2 . . . . 1 Kicked 6 | . 1 . . . . 1 . . . . . . . . . . . . . 4 . . . . . . Crushed 2 | . . . . . . . . . . . . . . . . . . . 1 . 1 . . . . . Highest Temperature 412 | . 96 . 108 236 279 298 40 240 . 217 216 . 248 412 271 238 277 252 235 237 231 383 108 230 162 198 Average Temperature 101 | . 42 . 51 58 90 96 12 77 . 83 31 . 40 92 116 99 105 64 89 77 93 77 55 163 85 176 Received Heat Transfer 5375 | . 393 . 36 273 153 651 . . . 12 405 . 183 323 321 127 81 242 310 622 153 463 180 6 117 324 Effects 6 | . . . . . 1 . . . . . . . . 1 . . . . 2 . . 2 . . . . Energy Bleed 1 | . . . . . . . . . . . . . . . . . . . 1 . . . . . . . Interference 4 | . . . . . 1 . . . . . . . . . . . . . 1 . . 2 . . . . Short Circuit 1 | . . . . . . . . . . . . . . 1 . . . . . . . . . . . . Siege Activations . | . . . . . . . . . . . . . . . . . . . . . . . . . . . Robots Corrupted 36 | . . . . . . 3 . . . . 3 . 6 5 . . . . 10 1 . . . . 8 . Combat Hostiles 32 | . . . . . . 3 . . . . 2 . 4 4 . . . . 10 1 . . . . 8 . Parts Fried 119 | . . . . . 1 6 . . . . 8 . 12 8 . . . . 52 10 . . . . 22 . Impact Corruptions . | . . . . . . . . . . . . . . . . . . . . . . . . . . . Robots Melted 5 | . . . . . 1 . . . . . . . . 1 . . . . . . . 1 2 . . . Combat Hostiles 5 | . . . . . 1 . . . . . . . . 1 . . . . . . . 1 2 . . . Parts Melted 18 | . . . 1 2 3 . . . . . . . . 4 . . . . 1 . . . 6 . . 1 Heat Transferred 6399 | . 137 . 296 1406 518 50 . . . . 250 . 100 150 . 250 . 550 814 1480 37 . . 250 . 111 Parts Sabotaged 3 | . . . . . . . . . . . . . . . . . . . 2 1 . . . . . . Parts Stolen . | . . . . . . . . . . . . . . . . . . . . . . . . . . . Parts Stripped . | . . . . . . . . . . . . . . . . . . . . . . . . . . . Power Chain Reactions 5 | . . . . . . . . . . . . . 1 2 . 1 . . . . . . . 1 . . Missiles Intercepted . | . . . . . . . . . . . . . . . . . . . . . . . . . . . Alert | -11 -10 -10 -9 -9 -9 -7 -7 -7 -7 -6 -6 -6 -6 -5 -5 -5 -5 -5 -4 -4 -3 -3 -2 -2 -2 -1 ------- Run | Jun Mat Min Mat Sto Rec Fac Low Low Dat Pro Fac Was Fac Fac Ext Cet Arc Hub Fac Arm Res Tes Res Qua Sec Acc Peak Influence 2512 | . 431 323 305 547 353 929 . . . . 687 266 523 941 924 986 470 410 991 1224 1152 2080 1935 1981 1974 2512 Initial 1184 | . . 168 125 128 213 286 . . . . 150 240 179 256 427 516 306 164 161 485 642 648 1170 1088 1113 1184 Average 626 | . 157 215 248 314 209 517 . . . . 311 251 344 522 446 839 407 194 367 745 820 1334 1623 1486 1444 1701 Maximum Alert Level 5 | . 2 1 1 2 1 3 . . . . 2 1 2 3 3 3 2 2 3 4 4 5 5 5 5 5 Low Security (%) 15 | . 61 67 18 15 21 . . . . . 29 . 10 5 . . . 59 40 . . . . . . . Level 1 31 | . 17 32 81 70 78 51 . . . . 42 100 38 30 42 . 37 38 27 . . . . . . . Level 2 19 | . 21 . . 13 . 18 . . . . 28 . 51 32 48 17 62 1 12 49 16 . . . . . Level 3 15 | . . . . . . 30 . . . . . . . 30 9 82 . . 19 33 74 36 . 1 . . Level 4 10 | . . . . . . . . . . . . . . . . . . . . 16 9 41 43 65 75 32 Level 5 4 | . . . . . . . . . . . . . . . . . . . . . . 16 56 . 24 22 High Security 3 | . . . . . . . . . . . . . . . . . . . . . . 5 . 32 . 44 Max Security . | . . . . . . . . . . . . . . . . . . . . . . . . . . . Squads Dispatched 100 | . 4 . . 5 . 9 . . . . 8 . 6 8 1 . . 4 6 6 1 9 4 6 6 17 Investigation 8 | . 1 . . 1 . . . . . . 1 . 1 2 . . . 1 . . . 1 . . . . Extermination 16 | . . . . . . 2 . . . . 2 . . 2 . . . 2 3 1 . 1 1 . 1 1 Reinforcement 30 | . 3 . . 2 . 4 . . . . 4 . 1 1 1 . . 1 2 2 1 4 1 1 1 1 Assault 36 | . . . . 1 . . . . . . 1 . 1 3 . . . . 1 3 . 3 2 5 2 14 Garrison 10 | . . . . 1 . 3 . . . . . . 3 . . . . . . . . . . . 2 1 Intercept . | . . . . . . . . . . . . . . . . . . . . . . . . . . . Searches Triggered . | . . . . . . . . . . . . . . . . . . . . . . . . . . . Data Miner Redirects 13 | . . . . . . . . . . . 1 . 1 4 . . . 1 1 2 . 2 . . 1 . Construction Impeded 5 | . . . . . . 1 . . . . . . . 1 1 . . . . . . . . 1 . 1 Haulers Reinforced 3 | . . . . . . . . . . . 2 . . . . . . 1 . . . . . . . . Active Scanning Responses . | . . . . . . . . . . . . . . . . . . . . . . . . . . . Cargo Convoy Interrupts 2 | . . . . . . 1 . . . . . . . . . . . . . . 1 . . . . . Stealth | -11 -10 -10 -9 -9 -9 -7 -7 -7 -7 -6 -6 -6 -6 -5 -5 -5 -5 -5 -4 -4 -3 -3 -2 -2 -2 -1 --------- Run | Jun Mat Min Mat Sto Rec Fac Low Low Dat Pro Fac Was Fac Fac Ext Cet Arc Hub Fac Arm Res Tes Res Qua Sec Acc Distress Signals 37 | . 2 . 2 5 . . . . . . 3 . . 2 3 2 . 2 4 1 4 4 . . 1 2 Communications Jammed . | . . . . . . . . . . . . . . . . . . . . . . . . . . . Distress Signals . | . . . . . . . . . . . . . . . . . . . . . . . . . . . Times Spotted 697 | . 19 6 7 26 2 45 4 4 . 8 32 6 19 47 28 18 4 20 56 57 39 58 19 22 33 118 Peak Tracking Total 32 | . 9 6 4 5 2 11 4 4 . 4 5 5 5 8 4 7 2 6 6 18 16 8 4 6 6 32 Tactical Retreats 38 | . . 1 . 1 . 1 . . . . 3 . 4 2 . . . 2 6 2 1 2 . 1 1 11 Traps | -11 -10 -10 -9 -9 -9 -7 -7 -7 -7 -6 -6 -6 -6 -5 -5 -5 -5 -5 -4 -4 -3 -3 -2 -2 -2 -1 ------- Run | Jun Mat Min Mat Sto Rec Fac Low Low Dat Pro Fac Was Fac Fac Ext Cet Arc Hub Fac Arm Res Tes Res Qua Sec Acc Traps Triggered 13 | . 1 . . 1 . 1 . . . . 2 . 1 1 . . . 2 1 1 . . . . . 2 Indirectly . | . . . . . . . . . . . . . . . . . . . . . . . . . . . Trap Hack Attempts . | . . . . . . . . . . . . . . . . . . . . . . . . . . . Triggered . | . . . . . . . . . . . . . . . . . . . . . . . . . . . Disarmed . | . . . . . . . . . . . . . . . . . . . . . . . . . . . Reprogrammed . | . . . . . . . . . . . . . . . . . . . . . . . . . . . Reused . | . . . . . . . . . . . . . . . . . . . . . . . . . . . Traps Extracted . | . . . . . . . . . . . . . . . . . . . . . . . . . . . Installed . | . . . . . . . . . . . . . . . . . . . . . . . . . . . Triggered 1 | . . . . . . . . . . 1 . . . . . . . . . . . . . . . . Machines | -11 -10 -10 -9 -9 -9 -7 -7 -7 -7 -6 -6 -6 -6 -5 -5 -5 -5 -5 -4 -4 -3 -3 -2 -2 -2 -1 ---------- Run | Jun Mat Min Mat Sto Rec Fac Low Low Dat Pro Fac Was Fac Fac Ext Cet Arc Hub Fac Arm Res Tes Res Qua Sec Acc Machines Disabled 72 | . 5 . 1 3 . 8 . . . . 16 . . 3 3 5 . 3 2 4 2 6 2 3 6 . Max in Single Turn 12 | . 2 . 1 1 . 3 . . . . 12 . . 1 . 1 . 3 1 1 1 1 1 1 1 . Garrison Access 4 | . . . . 1 . . . . . . 1 . . . . . . . 1 . 1 . . . . . Machines Repaired . | . . . . . . . . . . . . . . . . . . . . . . . . . . . Machines Sabotaged . | . . . . . . . . . . . . . . . . . . . . . . . . . . . Overloaded Fab Kills . | . . . . . . . . . . . . . . . . . . . . . . . . . . . Hacking | -11 -10 -10 -9 -9 -9 -7 -7 -7 -7 -6 -6 -6 -6 -5 -5 -5 -5 -5 -4 -4 -3 -3 -2 -2 -2 -1 --------- Run | Jun Mat Min Mat Sto Rec Fac Low Low Dat Pro Fac Was Fac Fac Ext Cet Arc Hub Fac Arm Res Tes Res Qua Sec Acc Machines Accessed 76 | . 1 . 2 4 5 3 1 . 4 . 8 . 6 4 2 1 . 7 6 7 1 5 2 2 3 2 Terminals 49 | . 1 . 2 4 . 3 . . . . 6 . 3 2 2 1 . 6 3 6 . 3 1 2 2 2 Fabricators 8 | . . . . . . . . . . . . . 1 2 . . . . 1 1 . 2 1 . . . Repair Stations 1 | . . . . . . . . . . . . . 1 . . . . . . . . . . . . . Recycling Units 7 | . . . . . 5 . . . . . 1 . . . . . . . 1 . . . . . . . Scanalyzers 3 | . . . . . . . . . . . . . 1 . . . . . 1 . . . . . 1 . Garrison Access 3 | . . . . . . . . . . . 1 . . . . . . 1 . . 1 . . . . . Total Hacks 176 | . 3 . 4 10 10 4 1 . 30 . 20 . 13 8 5 2 . 14 10 17 2 9 3 5 4 2 Successful 99 | . . . 1 7 10 . 1 . 30 . 11 . 6 4 3 . . 1 4 9 1 4 . 4 3 . Failed 77 | . 3 . 3 3 . 4 . . . . 9 . 7 4 2 2 . 13 6 8 1 5 3 1 1 2 Catastrophic 19 | . . . 1 . . 1 . . . . 2 . 2 1 . . . 4 2 3 . 1 1 . . 1 Database Lockouts . | . . . . . . . . . . . . . . . . . . . . . . . . . . . Manual 80 | . 3 . 4 7 5 1 . . . . 14 . . 4 4 1 . 7 3 13 . 4 2 4 2 2 Terminals 100 | . 3 . 4 10 . 4 . . . . 14 . 5 5 5 2 . 11 4 15 . 6 2 5 3 2 Fabricators 14 | . . . . . . . . . . . . . 3 3 . . . . 2 2 . 3 1 . . . Repair Stations 2 | . . . . . . . . . . . . . 2 . . . . . . . . . . . . . Recycling Units 16 | . . . . . 10 . . . . . 4 . . . . . . . 2 . . . . . . . Scanalyzers 6 | . . . . . . . . . . . . . 3 . . . . . 2 . . . . . 1 . Garrison Access 7 | . . . . . . . . . . . 2 . . . . . . 3 . . 2 . . . . . Terminal Hacks 50 | . . . 1 6 . . 1 . 30 . 3 . 1 1 1 . . . . 2 . 1 . 2 1 . Record 13 | . . . . . . . . . 11 . 1 . . . . . . . . . . . . . 1 . Part Schematic 13 | . . . . 2 . . . . 11 . . . . . . . . . . . . . . . . . Robot Schematic 5 | . . . . . . . . . 5 . . . . . . . . . . . . . . . . . Robot Analysis 2 | . . . . 1 . . . . . . 1 . . . . . . . . . . . . . . . Prototype ID Bank 3 | . . . . . . . . . 3 . . . . . . . . . . . . . . . . . Open Door 2 | . . . . 1 . . 1 . . . . . . . . . . . . . . . . . . . Level Access Points 1 | . . . . . . . . . . . . . . . . . . . . 1 . . . . . . Branch Access Points 1 | . . . 1 . . . . . . . . . . . . . . . . . . . . . . . Terminal Index 6 | . . . . 1 . . . . . . 1 . . . 1 . . . . 1 . 1 . 1 . . Fabricator Index 1 | . . . . . . . . . . . . . 1 . . . . . . . . . . . . . Zone Layout 3 | . . . . 1 . . . . . . . . . 1 . . . . . . . . . 1 . . Fabricator Hacks 6 | . . . . . . . . . . . . . 2 2 . . . . . . . 2 . . . . Load Schematic 3 | . . . . . . . . . . . . . 1 1 . . . . . . . 1 . . . . Build 3 | . . . . . . . . . . . . . 1 1 . . . . . . . 1 . . . . Repair Station Hacks 2 | . . . . . . . . . . . . . 2 . . . . . . . . . . . . . Scan Component 1 | . . . . . . . . . . . . . 1 . . . . . . . . . . . . . Repair 1 | . . . . . . . . . . . . . 1 . . . . . . . . . . . . . Recycling Unit Hacks 8 | . . . . . 5 . . . . . 1 . . . . . . . 2 . . . . . . . Report Inventory 6 | . . . . . 4 . . . . . 1 . . . . . . . 1 . . . . . . . Retrieve Components 2 | . . . . . 1 . . . . . . . . . . . . . 1 . . . . . . . Scanalyzer 3 | . . . . . . . . . . . . . 1 . . . . . 2 . . . . . . . Insert Component 3 | . . . . . . . . . . . . . 1 . . . . . 2 . . . . . . . Garrison Access Hacks 2 | . . . . . . . . . . . 1 . . . . . . . . . 1 . . . . . Seal Access 2 | . . . . . . . . . . . 1 . . . . . . . . . 1 . . . . . Unauthorized Hacks 28 | . . . . 1 5 . . . . . 6 . . 1 2 . . 1 . 7 . 1 . 2 2 . Terminals 20 | . . . . 1 . . . . . . 5 . . . 2 . . 1 . 7 . 1 . 2 1 . Track 2 | . . . . . . . . . . . . . . . . . . . . 1 . . . 1 . . Botnet 14 | . . . . 1 . . . . . . 4 . . . 1 . . 1 . 4 . 1 . 1 1 . Operators 4 | . . . . . . . . . . . 1 . . . 1 . . . . 2 . . . . . . Fabricators 1 | . . . . . . . . . . . . . . 1 . . . . . . . . . . . . Recompile 1 | . . . . . . . . . . . . . . 1 . . . . . . . . . . . . Repair Stations . | . . . . . . . . . . . . . . . . . . . . . . . . . . . Recycling Units 6 | . . . . . 5 . . . . . 1 . . . . . . . . . . . . . . . Mask 1 | . . . . . . . . . . . 1 . . . . . . . . . . . . . . . Tunnel 5 | . . . . . 5 . . . . . . . . . . . . . . . . . . . . . Scanalyzers 1 | . . . . . . . . . . . . . . . . . . . . . . . . . 1 . Researchers 1 | . . . . . . . . . . . . . . . . . . . . . . . . . 1 . Garrison Access . | . . . . . . . . . . . . . . . . . . . . . . . . . . . Data Cores Recovered 3 | . . . 1 . . . . . . . . . . . . . . . 1 . . . . . 1 . Used 1 | . . . . . . . . . . . . . . . . . . . . . . . . . 1 . Hacking Detections 58 | . 1 . 1 4 1 3 . . . . 7 . 5 3 2 1 . 7 5 7 . 4 2 2 2 1 Full Trace Events 5 | . . . . . . . . . . . 1 . 1 1 . . . 1 . . . 1 . . . . Feedback Events . | . . . . . . . . . . . . . . . . . . . . . . . . . . . Feedback Blocked . | . . . . . . . . . . . . . . . . . . . . . . . . . . . Robot Schematics Acquired 7 | . . . . . . . . . 5 . . . . . . . . . . . . 1 . . 1 . Robots Built . | . . . . . . . . . . . . . . . . . . . . . . . . . . . Authchips . | . . . . . . . . . . . . . . . . . . . . . . . . . . . Time . | . . . . . . . . . . . . . . . . . . . . . . . . . . . Total Robot Build Rating . | . . . . . . . . . . . . . . . . . . . . . . . . . . . Part Schematics Acquired 26 | . . . . 2 . . . . 11 . . . . . . . . . . . . 10 . . 3 . Parts Built 3 | . . . . . . . . . . . . . 1 1 . . . . . . . 1 . . . . Authchips 1 | . . . . . . . . . . . . . . . . . . . . . . 1 . . . . Time 329 | . . . . . . . . . . . . . 152 84 . . . . . . . 93 . . . . Total Part Build Rating 18 | . . . . . . . . . . . . . 5 6 . . . . . . . 7 . . . . Parts Repaired 1 | . . . . . . . . . . . . . 1 . . . . . . . . . . . . . Time 13 | . . . . . . . . . . . . . 13 . . . . . . . . . . . . . Parts Recycled . | . . . . . . . . . . . . . . . . . . . . . . . . . . . Recycled Matter . | . . . . . . . . . . . . . . . . . . . . . . . . . . . Retrieved Matter . | . . . . . . . . . . . . . . . . . . . . . . . . . . . Retrieved Components 5 | . . . . . 3 . . . . . . . . . . . . . 2 . . . . . . . Parts Scanalyzed 1 | . . . . . . . . . . . . . 1 . . . . . . . . . . . . . Part Schematics Acquired . | . . . . . . . . . . . . . . . . . . . . . . . . . . . Parts Damaged . | . . . . . . . . . . . . . . . . . . . . . . . . . . . Bothacking | -11 -10 -10 -9 -9 -9 -7 -7 -7 -7 -6 -6 -6 -6 -5 -5 -5 -5 -5 -4 -4 -3 -3 -2 -2 -2 -1 ------------ Run | Jun Mat Min Mat Sto Rec Fac Low Low Dat Pro Fac Was Fac Fac Ext Cet Arc Hub Fac Arm Res Tes Res Qua Sec Acc Used RIF Installer . | . . . . . . . . . . . . . . . . . . . . . . . . . . . Robots Hacked . | . . . . . . . . . . . . . . . . . . . . . . . . . . . Non-combat . | . . . . . . . . . . . . . . . . . . . . . . . . . . . Combat . | . . . . . . . . . . . . . . . . . . . . . . . . . . . Robot Hacks Applied . | . . . . . . . . . . . . . . . . . . . . . . . . . . . Relay Couplers Released 5 | . . . . 1 . . . . . . . . . . . . . . 1 . . . . . . 3 Machine Destruction 2 | . . . . 1 . . . . . . . . . . . . . . 1 . . . . . . . Programmers 3 | . . . . . . . . . . . . . . . . . . . . . . . . . . 3 Fabnet Peak Effective % . | . . . . . . . . . . . . . . . . . . . . . . . . . . . Robots Rewired 23 | . . . . . . . . . . . . . . . 20 . . . . . . 3 . . . . Allies Hacked . | . . . . . . . . . . . . . . . . . . . . . . . . . . . Hacks Repelled . | . . . . . . . . . . . . . . . . . . . . . . . . . . . Allies | -11 -10 -10 -9 -9 -9 -7 -7 -7 -7 -6 -6 -6 -6 -5 -5 -5 -5 -5 -4 -4 -3 -3 -2 -2 -2 -1 -------- Run | Jun Mat Min Mat Sto Rec Fac Low Low Dat Pro Fac Was Fac Fac Ext Cet Arc Hub Fac Arm Res Tes Res Qua Sec Acc Total Allies 31 | . . . . . . . . . . 1 . . . . 27 . . . . . . 3 . . . . Largest Group 17 | . . . . . . . . . . 1 . . . . 17 12 1 . . . . 3 . . . . Highest-Rated Group 626 | . . . . . . . . . . 96 . . . . 626 512 145 . . . . 237 . . . . Highest-Rated Ally 159 | . . . . . . . . . . 96 . . . . 159 159 145 . . . . 79 . . . . Total Orders 2 | . . . . . . . . . . . . . . 1 . . . . 1 . . . . . . . RETURN 2 | . . . . . . . . . . . . . . 1 . . . . 1 . . . . . . . Ally Attacks 383 | . . . . . . . . . . 9 . . . 9 172 99 . . 30 13 . 51 . . . . Total Damage 10971 | . . . . . . . . . . 406 . . . 218 4328 2340 . . 529 217 . 2933 . . . . Kills 67 | . . . . . . . . . . 1 . . . 2 27 18 . . 2 2 . 15 . . . . Allies Corrupted . | . . . . . . . . . . . . . . . . . . . . . . . . . . . Allies Melted . | . . . . . . . . . . . . . . . . . . . . . . . . . . . Intel | -11 -10 -10 -9 -9 -9 -7 -7 -7 -7 -6 -6 -6 -6 -5 -5 -5 -5 -5 -4 -4 -3 -3 -2 -2 -2 -1 ------- Run | Jun Mat Min Mat Sto Rec Fac Low Low Dat Pro Fac Was Fac Fac Ext Cet Arc Hub Fac Arm Res Tes Res Qua Sec Acc Robot Analysis Total 2 | . . . . 1 . . . . . . 1 . . . . . . . . . . . . . . . Derelict Logs Recovered 4 | . . 1 . . . . . 2 . 1 . . . . . . . . . . . . . . . . Drone Launches 6 | . . . . . . . . . . . . . . 2 . . . . 2 2 . . . . . . Drone Recoveries 4 | . . . . . . . . . . . . . . 2 . . . . 2 . . . . . . . Exploration | -11 -10 -10 -9 -9 -9 -7 -7 -7 -7 -6 -6 -6 -6 -5 -5 -5 -5 -5 -4 -4 -3 -3 -2 -2 -2 -1 ------------- Run | Jun Mat Min Mat Sto Rec Fac Low Low Dat Pro Fac Was Fac Fac Ext Cet Arc Hub Fac Arm Res Tes Res Qua Sec Acc Turns Passed 19319 | . 371 128 174 1057 1017 963 367 499 67 1354 1441 89 726 1767 1182 451 255 1026 1818 759 577 656 335 517 717 1006 Spaces Moved 12048 | 1 235 74 87 492 307 582 399 453 80 673 968 113 478 894 448 181 131 459 962 466 368 450 266 457 703 1321 Core . | . . . . . . . . . . . . . . . . . . . . . . . . . . . Treads 4776 | . 70 74 87 492 296 119 . . . 379 192 . 197 712 361 . . . 697 122 242 . . . 155 581 Legs 3852 | 1 165 . . . . 167 . . . . 181 51 . . 87 181 131 459 265 299 126 450 266 457 468 98 Wheels 9 | . . . . . 9 . . . . . . . . . . . . . . . . . . . . . Hover 1165 | . . . . . . . . . . . 595 62 281 182 . . . . . 45 . . . . . . Flight 1524 | . . . . . 2 296 399 453 80 294 . . . . . . . . . . . . . . . . Fastest Speed 55 | 120 120 160 160 160 160 84 84 84 84 84 62 55 55 96 143 119 119 119 97 102 86 86 86 86 79 79 Average Speed 129 | 120 131 160 160 164 205 127 84 84 84 191 117 58 110 164 206 142 119 174 141 109 100 86 86 86 83 107 Slowest Speed 436 | 120 160 160 160 240 436 180 84 84 84 209 227 62 267 263 230 143 119 176 176 133 102 86 86 86 86 166 Overloaded Moves . | . . . . . . . . . . . . . . . . . . . . . . . . . . . Propulsion Burnouts . | . . . . . . . . . . . . . . . . . . . . . . . . . . . Robots Hopped 3 | . . . . . . 3 . . . . . . . . . . . . . . . . . . . . Cave-ins Triggered . | . . . . . . . . . . . . . . . . . . . . . . . . . . . Spacefolds 6 | . . . . . . . . . . . . . . . . . . . . . . . . . 1 5 Microwarps 50 | . . . . . . . . . . . . . . . . . . . . . . . . . 2 48 Exploration Rate (%) 44 | 2 53 29 14 69 50 19 58 60 69 82 28 89 15 31 71 81 76 36 34 39 17 51 12 53 37 33 Regions Visited 26 Branch Regions 15 Pre-discovered Areas 7 | . . . . . 5 . . 1 1 . . . . . . . . . . . . . . . . . Known Exits Taken 8 | . . 1 1 1 . . . . . . . . . 1 . . . . 1 1 1 1 . . . . Unknown Exits Taken 16 | 1 1 . . . 1 1 1 1 1 1 . . 1 . 1 1 1 1 . . . . 1 1 1 . Scrap Searched 7 | . . 1 . . . . 1 2 . 3 . . . . . . . . . . . . . . . . Spaces Dug 258 | . . . . . . 8 . . . 106 1 . 4 26 . . . 31 9 12 19 20 11 2 1 8 Terrain Destroyed 1303 | . 48 30 24 20 . 139 22 23 . 147 37 33 19 67 5 13 18 74 27 35 65 125 88 143 14 87 Melee 3 | . . . . . . . . . . . . . . . . . . . . . . 2 . . 1 . Projectile 384 | . . . . . . 3 . . . 4 26 1 9 18 5 5 18 27 27 35 16 69 80 10 3 28 AOE 916 | . 48 30 24 20 . 136 22 23 . 143 11 32 10 49 . 8 . 47 . . 49 54 8 133 10 59 Terrain Rammed . | . . . . . . . . . . . . . . . . . . . . . . . . . . . Walls Destroyed . | . . . . . . . . . . . . . . . . . . . . . . . . . . . Machines Disabled . | . . . . . . . . . . . . . . . . . . . . . . . . . . . Actions | -11 -10 -10 -9 -9 -9 -7 -7 -7 -7 -6 -6 -6 -6 -5 -5 -5 -5 -5 -4 -4 -3 -3 -2 -2 -2 -1 --------- Run | Jun Mat Min Mat Sto Rec Fac Low Low Dat Pro Fac Was Fac Fac Ext Cet Arc Hub Fac Arm Res Tes Res Qua Sec Acc Total 14907 | . 272 79 109 681 674 738 425 570 79 717 1192 124 636 1114 662 358 214 625 1326 640 525 629 337 541 753 887 Wait 1620 | . . . 6 67 299 61 5 100 . 8 60 5 88 94 36 157 66 85 190 70 76 36 21 23 23 44 Move 11352 | . 234 74 86 490 306 576 398 452 79 672 968 112 477 893 447 180 130 458 961 466 367 449 265 456 625 731 Hop 2 | . . . . . . 2 . . . . . . . . . . . . . . . . . . . . Pick Up 152 | . 7 . 3 23 7 7 6 7 . 4 16 . 10 12 . 1 . 3 17 3 5 6 1 3 6 5 Fast Attach 70 | . 2 1 . 5 2 1 1 . . . 4 . 7 4 2 1 . 7 5 1 1 4 2 3 10 7 Attach 91 | . 2 . 2 6 1 12 1 . . 2 1 1 1 5 . . . 2 13 4 7 12 . 7 4 8 Detach 55 | . . . . 1 1 9 . 1 . . 3 . . 4 1 . . 3 7 2 4 8 1 5 3 2 Swap 23 | . 2 . 2 6 . . . . . 1 . . . . 1 . . 1 5 . . 3 . . 2 . Drop 157 | . 5 . 1 16 27 5 5 5 . 5 10 . 7 14 1 1 . 3 10 3 3 8 5 3 10 10 Fire 1149 | . 18 3 9 61 30 63 9 5 . 23 117 6 44 83 18 18 18 63 111 87 60 82 42 37 63 79 Melee 44 | . . . . . . 1 . . . 2 . . . . 19 . . . . . . 11 . 4 7 . Ram . | . . . . . . . . . . . . . . . . . . . . . . . . . . . Kick 5 | . 1 . . . . 1 . . . . . . . . . . . . . 3 . . . . . . Crush 26 | . 1 1 . 6 1 . . . . . . . 2 5 . . . . 7 . 2 . . . . 1 Escape Stasis 14 | . . . . . . . . . . . 13 . . . 1 . . . . . . . . . . . Rewire 147 | . . . . . . . . . . . . . . . 136 . . . . 1 . 10 . . . . Trap . | . . . . . . . . . . . . . . . . . . . . . . . . . . . Miscellaneous . | . . . . . . . . . . . . . . . . . . . . . . . . . . . Route ------- -11/Junkyard -10/Materials -10/Mines -9/Materials (discovered 3 exits: Min / *Sto x2) -9/Storage (discovered 2 exits: *Mat / *Rec) -9/Recycling -7/Factory -7/Lower Caves -7/Lower Caves (discovered 2 exits: *Fac / *Dat) -7/Data Miner -6/Proximity Caves -6/Factory -6/Waste -6/Factory -5/Factory (discovered 3 exits: *Fac x2 / *Ext) -5/Extension (discovered 2 exits: *Fac / *Cet) -5/Cetus (discovered 2 exits: *Fac / *Arc) -5/Archives (discovered 2 exits: *Fac / *Hub) -5/Hub_04(d) -4/Factory (discovered 2 exits: *Res / *Arm) -4/Armory (discovered 2 exits: *Res x2) -3/Research -3/Testing -2/Research -2/Quarantine (discovered 2 exits: *Acc / *Sec) -2/Section 7 -1/Access History --------- Turn | Location | Event 1 | -11/Junkyard | Discovered new exit (range 0) 1 | -11/Junkyard | Entered Materials 194 | -10/Materials | Discovered new exit (range 16) 223 | -10/Materials | Core integrity fell below 50% 259 | -10/Materials | Destroyed 9 combat bots 300 | -10/Materials | Build established: Mutant 372 | -10/Materials | Entered Mines 395 | -10/Mines | Learned Materials stockpile data 457 | -10/Mines | Discovered new exit (range 10) 497 | -10/Mines | Identified exit to Materials 500 | -10/Mines | Entered Materials 500 | -9/Materials | Evolved 2 slots: Propulsion x1, Utility x1 611 | -9/Materials | Identified exit to Mines 611 | -9/Materials | Identified exit to Storage 674 | -9/Materials | Entered Storage 1154 | -9/Storage | Discovered new exit (range 16) 1205 | -9/Storage | Identified exit to Materials 1576 | -9/Storage | Garrison activated, responded to threat 1630 | -9/Storage | Lost 4 parts (2n2w) 1724 | -9/Storage | Used back door to open Recycling access 1724 | -9/Storage | Discovered new exit (range 5) 1729 | -9/Storage | Identified exit to Recycling 1731 | -9/Storage | Entered Recycling 1736 | -9/Recycling | Found Scrap Engine 2131 | -9/Recycling | Discovered new exit (range 15) 2367 | -9/Recycling | Build established: Construct 2748 | -9/Recycling | Entered Factory 2748 | -7/Factory | Evolved 4 slots: Propulsion x2, Utility x1, Weapon x1 2826 | -7/Factory | Garrison activated, responded to threat 3289 | -7/Factory | Discovered new exit (range 16) 3440 | -7/Factory | Destroyed 9 combat bots 3525 | -7/Factory | Destroyed 7 combat bots 3651 | -7/Factory | Cargo convoy interrupted 3711 | -7/Factory | Entered Lower Caves 4075 | -7/Lower Caves | Discovered new exit (range 4) 4078 | -7/Lower Caves | Entered another Lower Caves area 4202 | -7/Lower Caves | Learned location of Zion (-6) 4231 | -7/Lower Caves | Discovered new exit (range 5) 4234 | -7/Lower Caves | Spotted B-75 Beast 4334 | -7/Lower Caves | Encountered a Warlord checkpoint 4364 | -7/Lower Caves | Learned 4 Factory zone layouts 4571 | -7/Lower Caves | Discovered new exit (range 6) 4577 | -7/Lower Caves | Entered Data Miner 4577 | -7/Data Miner | Discovered new exit (range 6) 4593 | -7/Data Miner | Met Data Miner 4610 | -7/Data Miner | Learned location of Section 7 (-2) 4610 | -7/Data Miner | Acquired the access code to Warlord's prototype stash 4626 | -7/Data Miner | Received God Mode back door access code from Data Miner 4644 | -7/Data Miner | Entered Proximity Caves 4655 | -6/Proximity Caves | Spotter reported a threat 4728 | -6/Proximity Caves | Spotted B-75 Beast 4730 | -6/Proximity Caves | Escorted by Enhanced Grunt 4753 | -6/Proximity Caves | Allies destroyed B-75 Beast 4780 | -6/Proximity Caves | Lost 3 parts (1p2n) 4907 | -6/Proximity Caves | Core integrity fell below 50% 5985 | -6/Proximity Caves | Discovered new exit (range 7) 5998 | -6/Proximity Caves | Entered Factory 5998 | -6/Factory | Evolved 2 slots: Propulsion x1, Utility x1 6135 | -6/Factory | Found Launcher Loader 6189 | -6/Factory | Incoming investigation squad redirected 6308 | -6/Factory | Build established: Mutant 6612 | -6/Factory | Build established: Construct 6672 | -6/Factory | Discovered new exit (range 7) 7398 | -6/Factory | First assault squad dispatched 7439 | -6/Factory | Sucked down chute 7439 | -6/Factory | Entered Waste 7449 | -6/Waste | Spotted C-40 Crusher 7450 | -6/Waste | Spotted C-40 Crusher 7451 | -6/Waste | Spotted C-40 Crusher 7454 | -6/Waste | EMP discharged 7485 | -6/Waste | Destroyed C-40 Crusher 7491 | -6/Waste | Spotted C-40 Crusher 7491 | -6/Waste | Spotted C-40 Crusher 7500 | -6/Waste | Crushed by Compactor (1 part destroyed, 1 dropped) 7502 | -6/Waste | Spotted C-40 Crusher 7513 | -6/Waste | Discovered new exit (range 16) 7528 | -6/Waste | Entered Factory 7616 | -6/Factory | Garrison activated, responded to threat 7622 | -6/Factory | Incoming investigation squad redirected 7759 | -6/Factory | Fabricated Lgt. Regenerative Plating (x1) 7949 | -6/Factory | Repaired Hcp. Storage Unit 8166 | -6/Factory | System corruption reached 10% 8228 | -6/Factory | First assault squad dispatched 8245 | -6/Factory | Discovered new exit (range 11) 8254 | -6/Factory | Entered another Factory area 8254 | -5/Factory | Evolved 2 slots: Power x1, Utility x1 8255 | -5/Factory | Identified exit to Extension 8847 | -5/Factory | Spotted B-75 Beast 8864 | -5/Factory | Destroyed B-75 Beast 8902 | -5/Factory | Discovered new exit (range 15) 9002 | -5/Factory | Fabricated Combat Drone Bay (x1) 9154 | -5/Factory | First assault squad dispatched 9184 | -5/Factory | Incoming assault squad redirected 9239 | -5/Factory | Incoming assault squad redirected 9469 | -5/Factory | Incoming assault squad redirected 9475 | -5/Factory | Incoming assault squad redirected 9793 | -5/Factory | Discovered new exit (range 13) 10021 | -5/Factory | Entered Extension 10425 | -5/Extension | Rescued a captive Derelict 10426 | -5/Extension | Rescued a captive Derelict 10459 | -5/Extension | Rescued A7 10503 | -5/Extension | Rescued a captive Derelict 10504 | -5/Extension | Rescued a captive Derelict 10537 | -5/Extension | Rescued a captive Derelict 10540 | -5/Extension | Spotted B-75 Beast 10553 | -5/Extension | Spotted B-75 Beast 10590 | -5/Extension | Allies destroyed B-75 Beast 10613 | -5/Extension | Allies destroyed B-75 Beast 10956 | -5/Extension | Rescued a captive Derelict 11108 | -5/Extension | Build established: Commander-Construct 11174 | -5/Extension | Discovered new exit (range 10) 11175 | -5/Extension | Discovered new exit (range 6) 11190 | -5/Extension | Disrupted transfer network 11203 | -5/Extension | Entered Cetus 11203 | -5/Cetus | Accompanied by 12 allies (A7) 11208 | -5/Cetus | Acquired a Cetus Manufacturing Module code from A7 11221 | -5/Cetus | Spotted Cetus Guard 11221 | -5/Cetus | Spotted Cetus Guard 11222 | -5/Cetus | Spotted Cetus Guard 11222 | -5/Cetus | Spotted Cetus Guard 11235 | -5/Cetus | Allies destroyed Cetus Guard 11236 | -5/Cetus | Allies destroyed Cetus Guard 11237 | -5/Cetus | Allies destroyed Cetus Guard 11242 | -5/Cetus | Allies destroyed Cetus Guard 11280 | -5/Cetus | Cetus Manufacturing Module disabled 11338 | -5/Cetus | Failed to start Cetus Manufacturing Module 11375 | -5/Cetus | Escorted A7 to Cetus Mainframe 11404 | -5/Cetus | Discovered new exit (range 15) 11430 | -5/Cetus | Spotted Cetus Guard 11430 | -5/Cetus | Spotted Cetus Guard 11433 | -5/Cetus | Spotted Cetus Guard 11435 | -5/Cetus | Allies destroyed Cetus Guard 11438 | -5/Cetus | Spotted Cetus Guard 11441 | -5/Cetus | Allies destroyed Cetus Guard 11443 | -5/Cetus | Allies destroyed Cetus Guard 11449 | -5/Cetus | Destroyed Cetus Guard 11458 | -5/Cetus | Discovered new exit (range 16) 11468 | -5/Cetus | Met Revision 17 11588 | -5/Cetus | Build established: Construct 11654 | -5/Cetus | Entered Archives 11654 | -5/Archives | Accompanied by 1 ally (A7) 11659 | -5/Archives | Received a hacking code to weaken MAIN.C 11881 | -5/Archives | Discovered new exit (range 15) 11890 | -5/Archives | Unable to access archive contents 11895 | -5/Archives | Discovered new exit (range 13) 11909 | -5/Archives | Entered Hub_04(d) 12184 | -5/Hub_04(d) | Spotted B-75 Beast 12234 | -5/Hub_04(d) | Destroyed B-75 Beast 12470 | -5/Hub_04(d) | Discovered new exit (range 5) 12594 | -5/Hub_04(d) | Incoming investigation squad redirected 12612 | -5/Hub_04(d) | Core integrity fell below 50% 12935 | -5/Hub_04(d) | Entered Factory 12935 | -4/Factory | Evolved 2 slots: Propulsion x1, Utility x1 12983 | -4/Factory | Found Prototype Slashing Weapon 12985 | -4/Factory | Found Prototype Slashing Weapon 13396 | -4/Factory | Spotted B-86 Titan 13753 | -4/Factory | Destroyed B-86 Titan 13860 | -4/Factory | Incoming assault squad redirected 14001 | -4/Factory | Found Prototype Device 14001 | -4/Factory | Identified Adv. EM Disruption Field 14081 | -4/Factory | Discovered new exit (range 13) 14142 | -4/Factory | Identified exit to Research 14304 | -4/Factory | Found Prototype Processor 14565 | -4/Factory | Identified Exp. Signal Interpreter 14568 | -4/Factory | Identified Centrium Greatsword (x2) 14733 | -4/Factory | Discovered new exit (range 15) 14752 | -4/Factory | Identified exit to Armory 14753 | -4/Factory | Entered Armory 15003 | -4/Armory | First assault squad dispatched 15023 | -4/Armory | Incoming assault squad redirected 15139 | -4/Armory | Incoming assault squad redirected 15420 | -4/Armory | Destroyed 8 combat bots 15512 | -4/Armory | Entered Research 15512 | -3/Research | Evolved 2 slots: Weapon x2 15877 | -3/Research | Destroyed 8 combat bots 16033 | -3/Research | Spotted B-86 Titan 16055 | -3/Research | Destroyed B-86 Titan 16062 | -3/Research | Discovered new exit (range 14) 16079 | -3/Research | Cargo convoy interrupted 16088 | -3/Research | Identified exit to Testing 16089 | -3/Research | Entered Testing 16091 | -3/Testing | Spotted Alpha 7 16092 | -3/Testing | Scanned by Researcher 16146 | -3/Testing | Destroyed Alpha 7 16156 | -3/Testing | Found Prototype Device 16156 | -3/Testing | Identified Exp. ECM Suite 16158 | -3/Testing | Found Exp. Targeting Computer 16175 | -3/Testing | Rewired NC-XW3(K) 16177 | -3/Testing | Rewired XO-CR6(K) 16184 | -3/Testing | Rewired 13-5Z3(K) 16241 | -3/Testing | Found Prototype Energy Cannon 16357 | -3/Testing | Incoming investigation squad redirected 16369 | -3/Testing | First assault squad dispatched 16391 | -3/Testing | Incoming assault squad redirected 16396 | -3/Testing | Spotted Striker 16396 | -3/Testing | Spotted Striker 16464 | -3/Testing | Found Centrium Greatsword 16626 | -3/Testing | Fabricated Hvy. Tesla Rifle (x1) 16668 | -3/Testing | Destroyed 12 combat bots 16709 | -3/Testing | High security lockdown imminent 16737 | -3/Testing | Discovered new exit (range 5) 16739 | -3/Testing | Identified exit to Research 16742 | -3/Testing | Spotted PY-NXIAL08VQL 16745 | -3/Testing | Entered Research 16745 | -2/Research | Evolved 2 slots: Power x1, Utility x1 16826 | -2/Research | Destroyed 8 combat bots 16855 | -2/Research | Spotted B-90 Cyclops 16866 | -2/Research | Destroyed B-90 Cyclops 16952 | -2/Research | Discovered new exit (range 9) 17045 | -2/Research | First assault squad dispatched 17080 | -2/Research | Entered Quarantine 17093 | -2/Quarantine | Found Alien Energy Cannon 17096 | -2/Quarantine | Identified Core Cannon 17239 | -2/Quarantine | Found Fusion Bomb Launcher 17243 | -2/Quarantine | Found Prototype Device 17243 | -2/Quarantine | Identified Exp. Transmission Jammer 17280 | -2/Quarantine | Found Alien Impact Weapon 17283 | -2/Quarantine | Identified Core Stripper 17330 | -2/Quarantine | First assault squad dispatched 17427 | -2/Quarantine | High security lockdown imminent 17469 | -2/Quarantine | Discovered new exit (range 10) 17507 | -2/Quarantine | High security lockdown engaged 17533 | -2/Quarantine | Spotted Fortress 17592 | -2/Quarantine | Discovered new exit (range 6) 17597 | -2/Quarantine | Entered Section 7 17640 | -2/Section 7 | Found Alien Artifact 17640 | -2/Section 7 | Identified Spacefold Activator 17663 | -2/Section 7 | Spotted S7 Guard 17668 | -2/Section 7 | Found Alien Artifact 17668 | -2/Section 7 | Identified Core Regenerator 17668 | -2/Section 7 | Used Core Regenerator, restored core integrity (+98) 17678 | -2/Section 7 | Destroyed S7 Guard 17891 | -2/Section 7 | First assault squad dispatched 17901 | -2/Section 7 | Found Alien Artifact 17901 | -2/Section 7 | Identified Microwarp Drive 17919 | -2/Section 7 | Incoming assault squad redirected 17992 | -2/Section 7 | Found Prototype Device 17992 | -2/Section 7 | Identified Exp. Shock Absorption System 18075 | -2/Section 7 | Spotted S7 Guard 18083 | -2/Section 7 | Destroyed S7 Guard 18087 | -2/Section 7 | Found Alien Artifact 18087 | -2/Section 7 | Identified Integrated Thermoelectric Network 18087 | -2/Section 7 | Installed Integrated Thermoelectric Network, gained heat-energy exchange potential 18142 | -2/Section 7 | Garrison activated, responded to threat 18177 | -2/Section 7 | Spotted B-90 Cyclops 18190 | -2/Section 7 | Destroyed B-90 Cyclops 18211 | -2/Section 7 | Destroyed 15 combat bots 18211 | -2/Section 7 | Found Corrupted Unknown Device 18237 | -2/Section 7 | Found Alien Artifact 18237 | -2/Section 7 | Identified Integrated Mediator 18237 | -2/Section 7 | Installed Integrated Mediator, increased core attachment efficiency. 18299 | -2/Section 7 | Discovered new exit (range 11) 18312 | -2/Section 7 | Identified Quantum Capacitor 18314 | -2/Section 7 | Entered Access 18314 | -1/Access | Evolved 2 slots: Power x1, Propulsion x1 18616 | -1/Access | Build established: Generator-Construct 18643 | -1/Access | Garrison activated, responded to threat 18690 | -1/Access | Destroyed 13 combat bots 18717 | -1/Access | Found Prototype Device 18717 | -1/Access | Identified Exp. Focal Shield 18870 | -1/Access | High security lockdown imminent 18950 | -1/Access | High security lockdown engaged 19166 | -1/Access | Spotted B-99 Colossus 19229 | -1/Access | Core integrity fell below 50% 19229 | -1/Access | Spotted Striker 19280 | -1/Access | Spotted Striker 19289 | -1/Access | Core integrity fell below 20% 19291 | -1/Access | Spotted B-99 Colossus 19320 | -1/Access | Core destroyed Last Messages --------------- 19288_ Spacefolded through Wall. 19289_ Microwarped (distance 8). 19290_ Microwarped (distance 19). 19291_ Microwarped (distance 18). 19292_ Microwarped (distance 14). 19293_ Microwarped (distance 10). 19295_ Penetrated by Slug. 19295_ Slug penetrates Wall. 19296_ Spacefolded through Wall. 19310_ Microwarped (distance 4). 19313_ System corrupted: Matter fused (-10). 19316_ Microwarped (distance 11). 19317_ Spacefolded through Wall. 19317_ Penetrated by Slug. 19317_ Slug penetrates Wall. 19318_ Slug penetrates Sealed Freight Elevator. 19318_ Penetrated by Slug. 19318_ Microwarped (distance 10). 19319_ Microwarped (distance 14). [Achievement: Torch] Map ----- +----------------------------------------------------+ | ??????????# """""#?????????????????????????? | | ??????????# """""#?????????????????????????? | | ??????????# """""#?????????????????????????? | | ??????????# """""#?????????????????????????? | | ??????????# """""#?????????????????????????? | | ??????????# """""#?????????????????????????? | | ########### #?????????????????????????? | | # #?????????????????????????? | | # #?????????????????????????? | | # #?????????????????????????? | | ####+###########???????????????????????? | | + #???????????????????????? | | " # #???????????????????????? | | "%"""""" # #???????????????????????? | | """"""" + " ""#???????????????????????? | | """""" # """" ""#???????????????????????? | | """""" # """"" T"#???????????????????????? | | """""" # """"" ""#???????????????????????? | | # """" ""#???????????????????????? | | # " #???????????????????????? | | # #???????????????????????? | | # +???????????????????????? | | ##/######## #???????????????????????? | | / u #???????????????????????? | | #######+###### ########????????????????? | | #????????????# @ #????????????????? | | ! #????????????# #????????????????? | | ]#????????????# gg % #????????????????? | | #????????????# +????????????????? | | #????????????# g #????????????????? | | #????????????# i l #????????????????? | | #????????????# #????????????????? | | #####????????????####+### #????????????????? | | ????????????????????????# #????????????????? | | ????????????????????????# #????????????????? | | ????????????????????????# #??????????#?????? | | ????????????????????????# #????????? #?#???? | | ????????????????????????# #????????? # ???? | | ????????????????????????# ########## # #### | | ????????????????????????# | | ????????????????????????# | | ????????????????????????# | | ????????????????????????# """""" | | ????????????????????????# """""" | | ????????????????????????# """""" | | ????????????????????????# """""" | | ????????????????????????############### """""" | | ??????????????????????????????????????# | | ??????????????????????????????????????# | | ??????????????????????????????????????# | +----------------------------------------------------+ Best States ------------- Heat Dissipation 152 Coolant Potential 80 Energy Generation 106 Energy Capacity 1125 Matter Stores 300 Matter Capacity 300 Sight Range 16 Robot Scan Range 18 Terrain Scan Density 10 ECM Strength 3 Additional Mass Support 12 EM Shielding 4 Corruption Containment 12 Armor Coverage 600 Resistance: EM 50 Propulsion Shielding 66 Weapon Cycling 15 Evasion (%) 62 Targeting Accuracy 20 Armor Integrity Analysis 30 Recoil Reduction 7 Offensive Hacking 14 Authchip Count 1 Item Schematics ----------------- Autogun | -9/Storage | Hacked Lyr. Light Armor Plating | -9/Storage | Hacked Combat Drone Bay | -7/Data Miner | Free Lgt. Regenerative Plating | -7/Data Miner | Free Cld. Aerolev Unit | -7/Data Miner | Free Exp. Weapon Shielding | -7/Data Miner | Free Imp. Lightning Gun | -7/Data Miner | Free Field Propulsion Drive | -7/Data Miner | Free Adv. Trap Extractor | -7/Data Miner | Free Mass Driver | -7/Data Miner | Free Hvy. Flak Cannon | -7/Data Miner | Free Imp. Arc Projector | -7/Data Miner | Free Adv. Datajack | -7/Data Miner | Free Exp. Heat Sink | -3/Testing | Archive Centrium Heavy Armor Plating | -3/Testing | Archive Exp. Coolant Injector | -3/Testing | Archive Centrium Medium Armor Plating | -3/Testing | Archive Lgt. Antimatter Cannon | -3/Testing | Archive Imp. Energy Mantle | -3/Testing | Archive Hvy. Tesla Rifle | -3/Testing | Archive Adv. Thermal Defense Suite | -3/Testing | Archive Exp. Utility Shielding | -3/Testing | Archive Cld. Gravmag System | -3/Testing | Archive Hdn. Centrium Wheel | -2/Section 7 | Archive Exp. Power Amplifier | -2/Section 7 | Archive Imp. Quantum Reactor | -2/Section 7 | Archive Robot Schematics ------------------ R-10 Processor | -7/Data Miner | Free S-27 Virus | -7/Data Miner | Free O-24 Administrator | -7/Data Miner | Free B-48 Gladiator | -7/Data Miner | Free I-36 Angel | -7/Data Miner | Free S-43 Plague | -3/Testing | Archive C-55 Analyst | -2/Section 7 | Archive Fabricated ------------ Lgt. Regenerative Plating | x1 | -6/Factory Combat Drone Bay | x1 | -5/Factory Hvy. Tesla Rifle | x1 | -3/Testing | Authchip Alien Tech Used ----------------- Core Cannon Core Stripper Spacefold Activator Core Regenerator Microwarp Drive Integrated Thermoelectric Network Integrated Mediator Achievements -------------- Torch Challenges ------------ None Game ------ Seed NullFluxDrive Manual? 0 Play Time 04:47:30 Cumulative 348.1 hours Start 2023.03.22 @ 20:16:57 End 2023.03.23 @ 18:32:35 Sessions 5 Manual Loads 0 Difficulty Rogue Special Mode None Game No. 394 Rogue 394 Adventurer 0 Explorer 0 Win Type - Total 11 Types 8/0/2/1/0/0/0/0/0 Lore% 80 Gallery% 89 Achievement% 78 Wizard Run 0 Options --------- ASCII 0 Keyboard 0 Movement Numpad Keybinds 0 Fullscreen 1 Font 18/Terminus Map View 76x50 Tactical HUD 1 Map Filters NONE Filters NONE Steam 1 RUN: 1c2e3a8c-8e14-46ba-b9b0-519a9041dddf